 Dungeon Crawl Stone Soup version 0.27.1-2-g3b301248ec (webtiles) character file.

Game seed: 9304955101911410064

5970 szrap the Thaumaturge (level 11, 0/77 HPs)
             Began as a Djinni Hedge Wizard on Sept 21, 2021.
             Was a Believer of Makhleb.
             Slain by a meliai (3 damage)
             ... on level 11 of the Dungeon on Sept 22, 2021.
             The game lasted 01:00:39 (13938 turns).

szrap the Thaumaturge (Djinni Hedge Wizard)        Turns: 13938, Time: 01:00:40

Health: 0/77       AC:  8    Str: 15    XL:     11   Next: 10%
Gold:   708        EV: 15    Int: 18    God:    Makhleb [**....] SH:  0 Dex: 14

rFire    + + +     SeeInvis .   x - +3 whip (elec)
rCold    x . .     Faith    .   (no shield)
rNeg     + . .     Spirit   .   A - +0 steam dragon scales
rPois    ∞         Reflect  .   o - +0 helmet
rElec    .         Harm     .   (no cloak)
rCorr    +         Rampage  .   i - +1 pair of gloves
Will     +....                  (boots unavailable)
Stlth    ++........             j - amulet of regeneration
HPRegen  1.22/turn              v - ring of Qymit {rF+ rN+ Str+6}
MPRegen  0.00/turn              f - ring of resist corrosion

@: flying
A: sickness immunity, fire resistance 2, cold vulnerability 1, float, innate
caster, hp casting, extra vitality 1
a: Renounce Religion, Minor Destruction


You were on level 11 of the Dungeon.
You worshipped Makhleb.
Makhleb was pleased with you.
You visited 2 branches of the dungeon, and saw 13 of its levels.
You also visited: Sewer.

You collected 708 gold pieces.

Inventory:

Hand Weapons
 x - a +3 whip of electrocution (weapon)
Armour
 i - a +1 pair of gloves (worn)
 o - a +0 helmet (worn)
 A - +0 steam dragon scales (worn)
Jewellery
 e - a ring of protection from fire
 f - a ring of resist corrosion (right hand)
 j - an amulet of regeneration (around neck)
 s - a ring of positive energy
 v - the ring of Qymit (left hand) {rF+ rN+ Str+6}
   (You acquired it on level 8 of the Dungeon)

   [ring of strength]

   Str:       It affects your strength (+6).
   rF:        It protects you from fire.
   rN:        It protects you from negative energy.
Wands
 a - a wand of flame (11)
 h - a wand of polymorph (28)
 y - a wand of digging (14)
Scrolls
 b - a scroll of identify
 d - 6 scrolls of teleportation
Potions
 c - 3 potions of attraction
 g - 2 potions of lignification
 k - 2 potions of mutation
 l - 5 potions of curing
 m - a potion of cancellation {unknown}
 n - 3 potions of haste {unknown}
 q - 2 potions of brilliance
 r - 2 potions of might
 t - a potion of resistance {unknown}
 w - a potion of magic {unknown}
 z - a potion of invisibility {unknown}


   Skills:
 * Level 6.3 Fighting
 * Level 6.5 Dodging
 - Level 1.5 Stealth
 + Level 9.8 Spellcasting
 * Level 5.3 Evocations


You had 2 spell levels left.
You knew the following spells:

 Your Spells              Type           Power      Damage    Failure   Level
a - Magic Dart            Conj           100%       1d8       1%          1
b - Blink                 Tloc           N/A        N/A       1%          2
c - Call Imp              Summ           44%        N/A       1%          2
d - Slow                  Hex            44%        N/A       1%          2
e - Conjure Flame         Conj/Fire      44%        6-21      1%          3
f - Mephitic Cloud        Conj/Pois/Air  44%        N/A       1%          3
g - Freeze                Ice            100%       1d11      1%          1
h - Passwall              Tmut/Erth      36%        N/A       1%          2
i - Ozocubu's Armour      Ice            44%        N/A       1%          3
j - Call Canine Familiar  Summ           44%        N/A       1%          3
k - Agony                 Necr           44%        N/A       4%          5
Your spell library was empty.

Dungeon Overview and Level Annotations

Branches:
Dungeon (12/15)            Temple (1/1) D:6            Lair (0/6) D:11
    Orc (0/2) D:9           Sewer (visited)

Altars:
Ashenzari
Dithmenos
Elyvilon
Fedhas
Gozag
Kikubaaqudgha
Makhleb
Nemelex Xobeh
Ru
Uskayaw
Vehumet
Xom
Yredelemnul
Zin
The Shining One
Beogh

Shops:
D:3 *   D:9 *

Annotations:
D:3 1 runed translucent door, Crazy Yiuf


Innate Abilities, Weirdness & Mutations

You are immune to sickness and miasma.
You are immune to poison.
Your flesh is very heat resistant. (rF++)
You are vulnerable to cold. (rC-)
You float through the air rather than walking.
You learn spells naturally, not from books.
Your magical power is your life essence.
You have superior vitality. (+4 HP)


Message History

* * * LOW HITPOINT WARNING * * *
You feel much better.
Casting: Blink (safe; 1% risk of failure)
Confirm with . or Enter, or press ? or * to list all spells.
You blink.
The meliai barely misses you.
The meliai stings you but does no damage.
Your white imp gestures at the meliai.
The puff of frost hits the meliai!
Casting: Blink (safe; 1% risk of failure)
Confirm with . or Enter, or press ? or * to list all spells.
You blink.
The meliai invokes the aid of its god against you.
Something smites you!
The meliai invokes the aid of its god against you.
Something smites you! The meliai hits you with a +0 hand axe!
* * * LOW HITPOINT WARNING * * *
The meliai stings you but does no damage.
The meliai completely misses you.
The meliai stings you but does no damage.
Your white imp gestures at the meliai.
The puff of frost hits the meliai.
You feel much better. The meliai barely misses you. The meliai misses you.
The meliai hits you with a +0 hand axe. The meliai stings you.
The meliai barely misses you. The meliai misses you.
The meliai mumbles some strange prayers to its god against you.
Something smites you!
* * * LOW HITPOINT WARNING * * *
The meliai calls upon its god to heal the meliai.
The meliai is healed somewhat.
The meliai hits you with a +0 hand axe!
* * * LOW HITPOINT WARNING * * *
The meliai stings you.
* * * LOW HITPOINT WARNING * * *
There is a stone staircase leading up here.
Casting: Blink (safe; 1% risk of failure)
Confirm with . or Enter, or press ? or * to list all spells.
You blink.
* * * LOW HITPOINT WARNING * * *
The meliai hits you with a +0 hand axe.
You die...

#.#.##.######....5..5.#####...
##.................y..>#
..5#............[..5...#
##.##.#...........5...^#
#5##.#†######.......†.#
#.55..[# #...#####.# #####5###
#...# #!# #....5# #...# ..
#.....########yy@# ##.
###....÷÷...§....# ..
#.#...##..#.##...#
#^....##...#.#####
###..##...###.######
#....##...5#.......#
####.##...#.######.#
#......### #.# ###...##
#.#######


You could see 2 meliai.

Vanquished Creatures
  A cyclops (D:8)
  2 slime creatures (D:7)
  4 yaks
  A vampire (D:9)
  Eustachio (D:6)
  A steam dragon (D:9)
  3 centaurs
  2 kobold brigands
  A centaur zombie (D:8)
  A crimson imp (D:9)
  An orc priest (D:9)
  An orc wizard (D:9)
  A howler monkey zombie (D:7)
  2 gnolls (D:9)
  2 adders
  3 ufetubi
  6 orcs
  A bat (D:3)
  An endoplasm (D:1)
  A giant cockroach (D:1)
  12 goblins
  4 hobgoblins
  2 jackals
  3 quokkas
  7 ball pythons
  4 frilled lizards
  9 kobolds
  9 rats
86 creatures vanquished.

Vanquished Creatures (collateral kills)
  A two-headed ogre (D:9)
  A cyclops (D:6)
  A kobold demonologist (D:10)
  A meliai (D:11)
  2 hornets
  A slime creature (D:11)
  A meliai zombie (D:10)
  Sigmund (D:3)
  A shadow (D:11)
  10 yaks
  A steam dragon (D:9)
  Menkaure (D:6)
  2 acid dragons
  4 ice beasts
  3 orc warriors
  3 necrophages
  A black bear (D:6)
  2 ogres
  4 centaurs
  3 kobold brigands
  3 scorpions
  10 wights
  3 howler monkeys
  7 crimson imps (D:9)
  2 centaur zombies
  A jelly (D:6)
  A bullfrog skeleton (D:4)
  2 gnoll shamans
  An orc priest (D:9)
  An iguana (D:7)
  3 orc wizards
  A killer bee zombie (D:6)
  A howler monkey zombie (D:6)
  Robin (D:4)
  13 gnolls
  3 adders
  A shadow imp (D:9)
  6 worms
  A dart slug (D:3)
  17 orcs
  A bat (D:3)
  2 endoplasms (D:2)
  6 goblins (D:4)
  3 hobgoblins
  A jackal (Sewer)
  9 kobolds
  2 quokkas (D:11)
  A frilled lizard (D:2)
  3 rats
150 creatures vanquished.

Vanquished Creatures (others)
  A kobold (Sewer)
  A fungus (D:3)
  8 withered plants (D:2)
10 creatures vanquished.

Grand Total: 246 creatures vanquished

Notes
Turn   | Place    | Note
-------+----------+-------------------------------------------
     0 | D:1      | szrap the Djinni Hedge Wizard began the quest for the Orb.
     0 | D:1      | Reached XP level 1. HP: 15/15 MP: 0/0
   408 | D:1      | Reached XP level 2. HP: 20/22 MP: 0/0
  1604 | D:2      | Reached skill level 3 in Spellcasting
  1604 | D:2      | Reached XP level 3. HP: 24/26 MP: 0/0
  1604 | D:2      | Learned a level 1 spell: Freeze
  1797 | D:2      | Found a faded altar of an unknown god.
  2080 | D:2      | Reached skill level 1 in Fighting
  2551 | D:2      | Reached XP level 4. HP: 28/32 MP: 0/0
  3235 | D:3      | Found Nehyitid's General Store.
  3710 | D:3      | Noticed Sigmund
  3777 | D:3      | Killed Sigmund
  3778 | D:3      | Reached skill level 4 in Spellcasting
  3778 | D:3      | Reached XP level 5. HP: 38/38 MP: 0/0
  3778 | D:3      | Learned a level 2 spell: Passwall
  4539 | D:3      | Reached XP level 6. HP: 43/43 MP: 0/0
  4761 | D:3      | Found a runed translucent door.
  4762 | D:3      | Noticed Crazy Yiuf
  4899 | D:4      | Noticed Robin
  4913 | D:4      | Killed Robin
  5652 | D:5      | Entered Level 5 of the Dungeon
  5716 | D:5      | Noticed an ice beast
  5816 | D:5      | Killed an ice beast
  5943 | D:5      | Found a glowing drain.
  5974 | Sewer    | Entered a sewer
  6162 | Sewer    | Reached skill level 5 in Spellcasting
  6162 | Sewer    | Reached XP level 7. HP: 49/49 MP: 0/0
  6162 | Sewer    | Learned a level 3 spell: Ozocubu's Armour
  6188 | Sewer    | Found a white marble altar of Elyvilon.
  7080 | D:5      | Reached skill level 1 in Evocations
  7241 | D:6      | Found a staircase to the Ecumenical Temple.
  7253 | Temple   | Entered the Ecumenical Temple
  7444 | Temple   | Became a worshipper of Makhleb the Destroyer
  7525 | D:6      | Found a sacrificial altar of Ru.
  7527 | D:6      | Identified the +4 whip of Ynouliob {antimagic, rN++}
  7632 | D:6      | Reached XP level 8. HP: 56/56 MP: 0/0
  7832 | D:6      | Noticed a cyclops
  7892 | D:6      | Killed a cyclops
  7893 | D:6      | Reached skill level 6 in Spellcasting
  7917 | D:6      | Noticed Menkaure
  7928 | D:6      | HP: 2/58 [Menkaure (13)]
  7931 | D:6      | Killed Menkaure
  8073 | D:6      | Noticed Eustachio
  8082 | D:6      | Killed Eustachio
  8153 | D:6      | Reached XP level 9. HP: 61/62 MP: 0/0
  8153 | D:6      | Learned a level 3 spell: Call Canine Familiar
  8348 | D:6      | Upgraded the game from 0.27.1-1-g398f81649c to
                  | 0.27.1-2-g3b301248ec
  8519 | D:7      | Reached * piety under Makhleb
  8547 | D:7      | Reached skill level 7 in Spellcasting
  9358 | D:8      | Noticed a cyclops
  9366 | D:8      | Noticed a slime creature
  9366 | D:8      | Noticed a slime creature
  9396 | D:8      | Noticed a slime creature
  9403 | D:8      | Noticed a slime creature
  9406 | D:8      | Noticed a slime creature
  9407 | D:8      | Killed a cyclops
  9407 | D:8      | Noticed a slime creature
  9463 | D:7      | Killed a slime creature
  9707 | D:8      | Reached skill level 5 in Dodging
 10405 | D:7      | Killed a slime creature
 10406 | D:7      | Reached skill level 5 in Fighting
 10406 | D:7      | Reached skill level 8 in Spellcasting
 10501 | D:8      | Identified a scroll of acquirement
 10501 | D:8      | Acquired the ring of Qymit {rF+ rN+ Str+6}
 10711 | D:9      | Found Qacwesm's Assorted Antiques.
 10823 | D:9      | Noticed a two-headed ogre
 10827 | D:9      | Reached XP level 10. HP: 70/70 MP: 0/0
 11308 | D:9      | Reached ** piety under Makhleb
 11356 | D:9      | Found a staircase to the Orcish Mines.
 11723 | D:9      | Killed a two-headed ogre
 11724 | D:9      | Reached skill level 9 in Spellcasting
 12447 | D:10     | Entered Level 10 of the Dungeon
 12635 | D:10     | Noticed a kobold demonologist
 12637 | D:10     | Noticed a sixfirhy
 12665 | D:10     | Killed a kobold demonologist
 12951 | D:10     | Reached skill level 5 in Evocations
 13649 | D:11     | Reached XP level 11. HP: 55/76 MP: 0/0
 13649 | D:11     | Learned a level 5 spell: Agony
 13761 | D:11     | You are sucked into a shaft and drop 1 floor!
 13769 | D:12     | Noticed a two-headed ogre
 13773 | D:12     | Noticed a two-headed ogre
 13780 | D:11     | Found a staircase to the Lair.
 13780 | D:11     | Noticed a death yak
 13780 | D:11     | Noticed a death yak
 13937 | D:11     | HP: 3/77 [meliai (4)]
 13938 | D:11     | Slain by a meliai

Illustrated notes

Levels and vault maps discovered:
D:1:      dpeg_arrival_three_smaller_balls, layout_basic
D:2:      minmay_recursive_quarters, layout_basic,
          ebering_ecumenical_altar_petrified, minivault_23, feat_on_display
D:3:      minmay_evil_eye, layout_basic, serial_shops,
          nicolae_shop_window_shopping, minmay_misc_feat_tiny,
          uniq_crazy_yiuf_cottage, uniq_sigmund
D:4:      layout_loops_ring, uniq_robin
D:5:      layout_loops_cross, cheibrodos_sewer_entry_bend
D:6:      layout_cave_pods, overflow_temple_1_default,
          minmay_temple_entry_stoned_glass, uniq_menkaure, uniq_eustachio
D:7:      layout_basic
D:8:      layout_loops_cross
D:9:      layout_layer_cave, minmay_orc_entry_temple_small, serial_shops,
          nicolae_shop_overgrown_old_shop, minivault_25, minmay_misc_feat_cross,
          minmay_nine_imps
D:10:     layout_long_grid
D:11:     layout_loops_cross, dpeg_lair_monsters, roderic_roman_lattice
D:12:     layout_cave_pools, enter_bailey_2
Temple:   roderic_octagonal_lattice_temple

Skill      XL: |  1  2  3  4  5  6  7  8  9 10 |
---------------+-------------------------------+-----
Spellcasting   | 3 4 5 6 8 9 |  9.8
Fighting       | 1 2 3 4 5 6 |  6.3
Evocations     | 1 2 3 5 |  5.3
Dodging        | 3 4 5 6 |  6.5
Stealth        | |  1.5

Action                   |  1- 3 |  4- 6 |  7- 9 | 10-12 || total
-------------------------+-------+-------+-------+-------++-------
Melee: Short sword       |       |    11 |       |       ||    11
       Whip              |       |       |    40 |    40 ||    80
 Cast: Magic Dart        |    63 |    64 |    56 |     7 ||   190
       Call Imp          |    13 |    84 |   117 |   109 ||   323
       Conjure Flame     |     2 |       |     2 |     3 ||     7
       Mephitic Cloud    |       |     3 |    19 |    27 ||    49
       Slow              |       |       |     4 |     2 ||     6
       Call Canine Famil |       |       |    12 |    30 ||    42
       Blink             |       |       |     6 |     6 ||    12
       Freeze            |       |       |       |     2 ||     2
       Agony             |       |       |       |     7 ||     7
  Use: Scroll            |     1 |     9 |     7 |     4 ||    21
       Potion            |       |       |     1 |     2 ||     3
 Stab: Distracted        |       |       |     1 |       ||     1
       Confused          |       |       |       |     3 ||     3
Armor: Robe              |     3 |     5 |    17 |     2 ||    27
       Steam dragon scal |       |       |       |    17 ||    17
Dodge: Dodged            |     9 |    38 |    68 |    76 ||   191
